General information
			
			
        
        - name: BNet
 
        - type: Ladder team game (AT/RT)
 
        - host: Battle.net
 
        - saver: NlGGERBAMA
 
        
map: Highperch 
        - players: 6
 
        - length: 74:57
 
        - speed: Fast
 - version: 1.22 W3XP
 - replay type:  Public
 
» download(463 KB)
Players
        team 1 (winner) 
              
              
HockeyMomPalin (
orange | 91 APM | 6786 actions | 74:56)
              
 8 Warden 
 3 Shadow Strike
 3 Blink
 2 Fan of Knives
 1 Archmage 
 1 Blizzard
 1 Blood Mage 
 1 Banish
 
                » actions 
                
                | Assign group hotkey | 168 |  | 
| Basic commands | 215 |  | 
| Build / train | 125 |  | 
| ESC pressed | 22 |  | 
| Enter build submenu | 41 |  | 
| Enter hero's abilities submenu | 14 |  | 
| Give item / drop item | 8 |  | 
| Right click | 3287 |  | 
| Select / deselect | 807 |  | 
| Select group hotkey | 1594 |  | 
| Use ability | 503 |  | 
                6786 total
 » units 
                
                | Wisp | 41 |  | 
| Druid of the Talon | 22 |  | 
| Faerie Dragon | 10 |  | 
                73 total
 » upgrades
                
                | Reinforced Hides | 3 |  | 
| Strength of the Wild | 3 |  | 
| Druid of the Talon Training | 2 |  | 
| Well Spring | 1 |  | 
| Ultravision | 1 |  | 
| Mark of the Talon | 1 |  | 
| Hippogryph Taming | 1 |  | 
                12 total
 » buildings
                
                | Altar of Elders | 3 |  | 
| Moon Well | 22 |  | 
| Tree of Ages | 4 |  | 
| Tree of Life | 4 |  | 
| Ancient of Wonders | 3 |  | 
| Hunter's Hall | 1 |  | 
| Tree of Eternity | 3 |  | 
| Ancient of Wind | 3 |  | 
                43 total
 » build order
                00:12 Altar of Elders
00:21 Moon Well
02:10 Moon Well
03:05 Moon Well
03:39 Moon Well
04:05 Moon Well
04:07 Moon Well
06:32 Tree of Ages
07:14 Tree of Life
08:50 Ancient of Wonders
08:54 Tree of Life
11:41 Tree of Life
12:05 Moon Well
12:06 Moon Well
13:11 Altar of Elders
15:42 Hunter's Hall
16:10 Tree of Life
16:20 Tree of Ages
16:50 Moon Well
18:03 Moon Well
18:04 Moon Well
18:04 Moon Well
20:02 Tree of Eternity
20:10 Ancient of Wind
20:11 Ancient of Wind
20:16 Ancient of Wind
20:52 Ancient of Wonders
34:23 Ancient of Wonders
34:26 Tree of Ages
36:51 Moon Well
36:51 Moon Well
36:52 Moon Well
36:52 Moon Well
36:54 Moon Well
39:24 Tree of Eternity
56:39 Altar of Elders
56:45 Moon Well
57:44 Moon Well
57:50 Moon Well
57:59 Moon Well
58:04 Moon Well
» items
                
                | Moonstone | 1 |  | 
| Lesser Clarity Potion | 5 |  | 
| Dust of Appearance | 1 |  | 
| Staff of Teleportation | 2 |  | 
| Boots of Speed | 3 |  | 
| Staff of Sanctuary | 2 |  | 
| Orb of Venom | 1 |  | 
| Tiny Great Hall | 1 |  | 
| Potion of Healing | 3 |  | 
| Potion of Mana | 1 |  | 
| Healing Salve | 1 |  | 
                21 total
  
               
              
              
NlGGERBAMA (
red | 45 APM | 3381 actions | 74:57)
              
 9 Blademaster 
 3 Wind Walk
 3 Critical Strike
 1 Bladestorm
 2 Mirror Image
 
                » actions 
                
                | Assign group hotkey | 24 |  | 
| Basic commands | 98 |  | 
| Build / train | 90 |  | 
| ESC pressed | 15 |  | 
| Enter build submenu | 52 |  | 
| Enter hero's abilities submenu | 9 |  | 
| Give item / drop item | 4 |  | 
| Right click | 1489 |  | 
| Select / deselect | 509 |  | 
| Select group hotkey | 776 |  | 
| Use ability | 315 |  | 
                3381 total
 » units 
                
                | Peon | 22 |  | 
| Troll Batrider | 27 |  | 
| Wind Rider | 5 |  | 
                54 total
 » upgrades
                
                | Liquid Fire | 1 |  | 
| Reinforced Defenses | 1 |  | 
| Ranged Weapons | 3 |  | 
| Armor | 3 |  | 
| Envenomed Spears | 1 |  | 
| Spiked Barricades | 1 |  | 
                10 total
 » buildings
                
                | Altar of Storms | 1 |  | 
| Orc Burrow | 4 |  | 
| War Mill | 1 |  | 
| Watch Tower | 44 |  | 
| Voodoo Lounge | 2 |  | 
| Stronghold | 2 |  | 
| Fortress | 1 |  | 
| Beastiary | 3 |  | 
                58 total
 » build order
                00:07 Altar of Storms
00:15 Orc Burrow
00:27 War Mill
01:24 Orc Burrow
01:39 Watch Tower
02:06 Watch Tower
02:36 Watch Tower
02:42 Watch Tower
02:48 Voodoo Lounge
03:01 Stronghold
03:01 Stronghold
03:18 Watch Tower
03:20 Watch Tower
03:45 Watch Tower
03:48 Watch Tower
04:12 Watch Tower
04:15 Voodoo Lounge
04:21 Watch Tower
04:26 Watch Tower
04:38 Watch Tower
05:08 Watch Tower
05:22 Watch Tower
05:23 Watch Tower
05:24 Fortress
05:39 Beastiary
06:00 Beastiary
06:08 Watch Tower
06:43 Watch Tower
06:47 Watch Tower
06:50 Watch Tower
06:57 Orc Burrow
07:00 Orc Burrow
07:55 Watch Tower
07:56 Watch Tower
08:49 Watch Tower
08:51 Watch Tower
09:07 Watch Tower
09:44 Watch Tower
09:47 Watch Tower
09:52 Watch Tower
11:14 Watch Tower
11:14 Watch Tower
12:18 Watch Tower
14:06 Watch Tower
14:07 Watch Tower
14:16 Watch Tower
18:41 Beastiary
19:04 Watch Tower
19:07 Watch Tower
19:08 Watch Tower
19:10 Watch Tower
19:12 Watch Tower
22:01 Watch Tower
22:03 Watch Tower
22:04 Watch Tower
22:09 Watch Tower
22:10 Watch Tower
24:08 Watch Tower
» items
                
                | Staff of Teleportation | 1 |  | 
| Boots of Speed | 1 |  | 
| Orb of Lightning | 1 |  | 
| Lesser Clarity Potion | 3 |  | 
| Healing Salve | 1 |  | 
| Potion of Lesser Invulnerability | 1 |  | 
| Scroll of Town Portal | 2 |  | 
                10 total
  
               
              
              
null1fy (
yellow | 30 APM | 2219 actions | 74:56)
              
 5 Archmage 
 2 Blizzard
 2 Brilliance Aura
 1 Mass Teleport
 4 Blood Mage 
 3 Flame Strike
 1 Siphon Mana
 
                » actions 
                
                | Assign group hotkey | 12 |  | 
| Basic commands | 46 |  | 
| Build / train | 128 |  | 
| ESC pressed | 1 |  | 
| Enter build submenu | 94 |  | 
| Enter hero's abilities submenu | 14 |  | 
| Give item / drop item | 1 |  | 
| Remove unit from queue | 1 |  | 
| Right click | 768 |  | 
| Select / deselect | 626 |  | 
| Select group hotkey | 360 |  | 
| Use ability | 167 |  | 
                2219 total
 » units 
                
                | Peasant | 14 |  | 
| Sorceress | 2 |  | 
| Priest | 2 |  | 
| Dragonhawk Rider | 8 |  | 
                26 total
 » upgrades
                
                | Masonry | 3 |  | 
| Lumber Harvesting | 2 |  | 
| Animal War Training | 1 |  | 
| Magic Sentry | 1 |  | 
| Armor | 3 |  | 
| Swords | 3 |  | 
| Sorceress Training | 2 |  | 
| Priest Training | 2 |  | 
| Cloud | 1 |  | 
                18 total
 » buildings
                
                | Altar of Kings | 2 |  | 
| Farm | 8 |  | 
| Lumber Mill | 1 |  | 
| Scout Tower | 69 |  | 
| Arcane Tower | 17 |  | 
| Guard Tower | 49 |  | 
| Arcane Vault | 1 |  | 
| Keep | 1 |  | 
| Castle | 1 |  | 
| Barracks | 1 |  | 
| Arcane Sanctum | 1 |  | 
| Blacksmith | 1 |  | 
| Gryphon Aviary | 1 |  | 
                153 total
 » build order
                00:04 Altar of Kings
00:09 Farm
00:49 Lumber Mill
00:53 Farm
01:01 Scout Tower
01:15 Scout Tower
02:01 Arcane Tower
02:06 Scout Tower
02:11 Scout Tower
02:14 Guard Tower
02:19 Scout Tower
02:43 Guard Tower
02:54 Scout Tower
03:01 Scout Tower
03:03 Guard Tower
03:16 Farm
03:25 Scout Tower
03:26 Guard Tower
03:28 Guard Tower
03:30 Scout Tower
03:47 Arcane Vault
03:53 Guard Tower
04:00 Scout Tower
04:03 Scout Tower
04:08 Guard Tower
04:27 Scout Tower
04:44 Guard Tower
04:45 Scout Tower
04:46 Guard Tower
04:47 Scout Tower
04:49 Keep
04:55 Scout Tower
04:59 Scout Tower
05:01 Scout Tower
05:05 Guard Tower
05:15 Scout Tower
05:18 Guard Tower
05:23 Scout Tower
05:42 Arcane Tower
05:45 Arcane Tower
05:54 Scout Tower
05:57 Guard Tower
05:58 Guard Tower
05:58 Guard Tower
06:03 Scout Tower
06:26 Guard Tower
06:51 Guard Tower
06:55 Farm
07:04 Arcane Tower
07:15 Scout Tower
07:18 Scout Tower
07:21 Arcane Tower
07:21 Guard Tower
07:36 Castle
07:49 Barracks
08:17 Guard Tower
08:20 Scout Tower
08:31 Guard Tower
08:33 Scout Tower
08:54 Scout Tower
08:56 Guard Tower
09:01 Scout Tower
09:03 Arcane Tower
09:31 Farm
09:51 Scout Tower
09:54 Scout Tower
10:21 Arcane Sanctum
10:25 Guard Tower
10:25 Guard Tower
10:29 Scout Tower
10:34 Scout Tower
11:03 Guard Tower
11:05 Guard Tower
11:09 Scout Tower
11:18 Scout Tower
11:51 Blacksmith
12:11 Arcane Tower
12:12 Arcane Tower
12:16 Scout Tower
12:27 Scout Tower
12:30 Scout Tower
14:15 Gryphon Aviary
14:24 Farm
14:55 Arcane Tower
14:56 Guard Tower
15:46 Farm
16:33 Farm
27:39 Scout Tower
27:43 Scout Tower
27:47 Scout Tower
27:50 Scout Tower
27:53 Scout Tower
28:00 Scout Tower
28:11 Guard Tower
28:13 Scout Tower
28:16 Guard Tower
28:23 Guard Tower
28:24 Guard Tower
28:33 Guard Tower
28:38 Scout Tower
28:41 Scout Tower
28:42 Guard Tower
28:48 Scout Tower
28:53 Scout Tower
29:43 Scout Tower
29:44 Guard Tower
29:48 Scout Tower
29:50 Guard Tower
29:50 Guard Tower
29:51 Guard Tower
29:57 Scout Tower
30:02 Scout Tower
30:07 Scout Tower
30:09 Arcane Tower
30:12 Arcane Tower
30:16 Scout Tower
31:03 Arcane Tower
31:11 Arcane Tower
31:18 Scout Tower
32:32 Scout Tower
32:54 Guard Tower
33:00 Scout Tower
33:03 Scout Tower
33:07 Scout Tower
33:12 Scout Tower
33:17 Guard Tower
33:17 Guard Tower
33:20 Scout Tower
33:50 Guard Tower
34:02 Scout Tower
34:09 Scout Tower
34:10 Guard Tower
34:11 Arcane Tower
34:12 Guard Tower
34:16 Arcane Tower
34:43 Guard Tower
34:44 Guard Tower
34:47 Scout Tower
34:54 Scout Tower
34:54 Guard Tower
35:01 Scout Tower
35:09 Scout Tower
36:00 Guard Tower
36:00 Guard Tower
36:04 Scout Tower
36:08 Scout Tower
36:10 Guard Tower
36:17 Guard Tower
36:41 Guard Tower
36:43 Arcane Tower
37:31 Altar of Kings
38:52 Scout Tower
39:23 Arcane Tower
» items
                
                | Staff of Sanctuary | 1 |  | 
| Staff of Teleportation | 1 |  | 
| Boots of Speed | 1 |  | 
| Scroll of Town Portal | 1 |  | 
                4 total
  
               team 2 (loser) 
              
              
x[G]Beginnder (
purple | 102 APM | 7316 actions | 71:58)
              
 6 Death Knight 
 3 Death Coil
 2 Unholy Aura
 1 Animate Dead
 
                » actions 
                
                | Assign group hotkey | 383 |  | 
| Basic commands | 1299 |  | 
| Build / train | 122 |  | 
| ESC pressed | 18 |  | 
| Enter build submenu | 38 |  | 
| Enter hero's abilities submenu | 6 |  | 
| Give item / drop item | 2 |  | 
| Remove unit from queue | 2 |  | 
| Right click | 2532 |  | 
| Select / deselect | 1067 |  | 
| Select group hotkey | 1681 |  | 
| Use ability | 166 |  | 
                7316 total
 » units 
                
                | Acolyte | 16 |  | 
| Ghoul | 8 |  | 
| Gargoyle | 7 |  | 
| Frost Wyrm | 8 |  | 
| Meatwagon | 9 |  | 
| Obsidian Statue | 2 |  | 
| Crypt Fiend | 21 |  | 
                71 total
 » upgrades
                
                | Creature Attack | 3 |  | 
| Creature Carapace | 3 |  | 
| Stone Form | 1 |  | 
| Freezing Breath | 1 |  | 
| Ghoul Frenzy | 0 |  | 
| Web | 1 |  | 
                9 total
 » buildings
                
                | Ziggurat | 13 |  | 
| Altar of Darkness | 1 |  | 
| Crypt | 3 |  | 
| Halls of the Dead | 3 |  | 
| Graveyard | 1 |  | 
| Nerubian Tower | 3 |  | 
| Tomb of Relics | 1 |  | 
| Spirit Tower | 5 |  | 
| Black Citadel | 2 |  | 
| Sacrificial Pit | 1 |  | 
| Boneyard | 2 |  | 
| Slaughterhouse | 1 |  | 
                36 total
 » build order
                00:10 Ziggurat
00:15 Altar of Darkness
00:39 Crypt
01:32 Halls of the Dead
01:32 Halls of the Dead
02:01 Graveyard
02:09 Nerubian Tower
02:26 Ziggurat
02:48 Tomb of Relics
03:16 Ziggurat
03:41 Spirit Tower
03:56 Black Citadel
04:13 Crypt
04:19 Crypt
04:39 Ziggurat
05:04 Sacrificial Pit
05:18 Ziggurat
05:26 Ziggurat
05:48 Spirit Tower
06:18 Boneyard
06:27 Boneyard
07:08 Ziggurat
08:17 Spirit Tower
08:18 Spirit Tower
13:26 Ziggurat
14:23 Slaughterhouse
14:34 Ziggurat
14:36 Ziggurat
15:04 Ziggurat
15:11 Ziggurat
15:12 Ziggurat
16:42 Spirit Tower
16:43 Nerubian Tower
18:38 Nerubian Tower
» items
                
                | Dust of Appearance | 6 |  | 
| Scroll of Healing | 1 |  | 
| Potion of Healing | 9 |  | 
| Potion of Mana | 1 |  | 
| Potion of Lesser Invulnerability | 2 |  | 
| Staff of Teleportation | 1 |  | 
                20 total
  
               
              
              
x[G]sGT (
teal | 133 APM | 9942 actions | 74:56)
              
 4 Demon Hunter 
 2 Mana Burn
 2 Evasion
 4 Priestess of the Moon 
 2 Trueshot Aura
 2 Scout
 1 Naga Sea Witch 
 1 Frost Arrows
 
                » actions 
                
                | Assign group hotkey | 106 |  | 
| Basic commands | 1184 |  | 
| Build / train | 165 |  | 
| ESC pressed | 4 |  | 
| Enter build submenu | 27 |  | 
| Enter hero's abilities submenu | 10 |  | 
| Give item / drop item | 6 |  | 
| Remove unit from queue | 4 |  | 
| Right click | 4578 |  | 
| Select / deselect | 884 |  | 
| Select group hotkey | 2732 |  | 
| Use ability | 242 |  | 
                9942 total
 » units 
                
                | Wisp | 22 |  | 
| Huntress | 12 |  | 
| Dryad | 2 |  | 
| Druid of the Claw | 1 |  | 
| Mountain Giant | 30 |  | 
| Hippogryph | 8 |  | 
                75 total
 » upgrades
                
                | Strength of the Wild | 3 |  | 
| Nature's Blessing | 1 |  | 
| Hardened Skin | 1 |  | 
| Resistant Skin | 1 |  | 
| Druid of the Claw Training | 2 |  | 
| Reinforced Hides | 3 |  | 
                11 total
 » buildings
                
                | Altar of Elders | 1 |  | 
| Moon Well | 9 |  | 
| Hunter's Hall | 1 |  | 
| Ancient of War | 2 |  | 
| Tree of Ages | 5 |  | 
| Ancient of Lore | 3 |  | 
| Tree of Eternity | 2 |  | 
| Ancient Protector | 3 |  | 
| Ancient of Wonders | 2 |  | 
| Ancient of Wind | 2 |  | 
                30 total
 » build order
                00:08 Altar of Elders
00:17 Moon Well
01:26 Hunter's Hall
01:49 Ancient of War
02:17 Ancient of War
02:31 Moon Well
03:35 Moon Well
03:37 Moon Well
04:42 Tree of Ages
04:42 Tree of Ages
04:42 Tree of Ages
07:57 Ancient of Lore
07:59 Ancient of Lore
09:39 Tree of Eternity
10:00 Moon Well
10:40 Moon Well
11:11 Ancient Protector
11:14 Ancient Protector
11:19 Ancient Protector
11:48 Ancient of Wonders
13:37 Ancient of Lore
16:49 Ancient of Wonders
16:55 Ancient of Wind
17:17 Ancient of Wind
18:46 Moon Well
21:22 Moon Well
21:27 Moon Well
» items
                
                | Staff of Teleportation | 5 |  | 
| Potion of Healing | 5 |  | 
| Orb of Venom | 6 |  | 
| Anti-magic Potion | 1 |  | 
| Staff of Preservation | 2 |  | 
| Boots of Speed | 2 |  | 
| Potion of Lesser Invulnerability | 1 |  | 
                22 total
  
               
              
              
Zinner (
blue | 33 APM | 2352 actions | 71:42)
              
 4 Demon Hunter 
 2 Mana Burn
 2 Evasion
 
                » actions 
                
                | Assign group hotkey | 1 |  | 
| Basic commands | 62 |  | 
| Build / train | 46 |  | 
| Enter build submenu | 16 |  | 
| Enter hero's abilities submenu | 5 |  | 
| Remove unit from queue | 1 |  | 
| Right click | 1732 |  | 
| Select / deselect | 378 |  | 
| Use ability | 110 |  | 
                2352 total
 » units 
                » buildings
                
                | Altar of Elders | 1 |  | 
| Moon Well | 4 |  | 
| Hunter's Hall | 1 |  | 
| Ancient Protector | 6 |  | 
| Tree of Life | 1 |  | 
                13 total
 » build order
                00:08 Altar of Elders
00:13 Moon Well
08:16 Hunter's Hall
09:30 Ancient Protector
09:33 Ancient Protector
09:37 Ancient Protector
13:42 Tree of Life
15:48 Ancient Protector
16:03 Ancient Protector
16:19 Ancient Protector
23:41 Moon Well
25:00 Moon Well
65:10 Moon Well
» items
                
                | Boots of Speed | 1 |  | 
| Staff of Teleportation | 2 |  | 
| Orb of Venom | 1 |  | 
| Orb of Corruption | 1 |  | 
| Dust of Appearance | 1 |  | 
| Potion of Lesser Invulnerability | 1 |  | 
                7 total
  
                Chat log
          (00:04 / All) HockeyMomPalin: lol
(00:07 / All) HockeyMomPalin: Garg feed
(00:31 / All) NlGGERBAMA: its a good strat for noobs
(17:53 / All) x[G]Beginnder: lol
(18:18 / Allies) null1fy: I can't build any more dragonhawks after this last one
(18:20 / Allies) null1fy: I'm training
(18:22 / Allies) null1fy: I'm at upkeep
(18:23 / Allies) HockeyMomPalin: thats enough
(23:50 / All) HockeyMomPalin: i like it
(23:53 / All) HockeyMomPalin: preemtive detonate
(27:02 / All) HockeyMomPalin: doop weep
(27:05 / All) HockeyMomPalin: wahoo
(29:29 / All) HockeyMomPalin: wtf
(29:57 / All) HockeyMomPalin: soz
(29:59 / All) HockeyMomPalin: thought u was pred
(34:17 / All) HockeyMomPalin: lolumad
(34:20 / All) NlGGERBAMA: u mad
(35:00 / All) HockeyMomPalin: mgs wont win u this game FYI
(37:56 / All) NlGGERBAMA: where did our army go
(38:08 / All) NlGGERBAMA: you may be asking
(42:45 / All) NlGGERBAMA: sorry taunt doesn't work on buildings
(42:55 / All) x[G]Beginnder: lol
(42:57 / All) x[G]Beginnder: really?
(43:23 / Allies) HockeyMomPalin: lol
(44:04 / Allies) HockeyMomPalin: hahah
(44:17 / All) HockeyMomPalin: gl hf
(45:30 / All) NlGGERBAMA: hey
(45:32 / All) NlGGERBAMA: leave please
(45:33 / All) NlGGERBAMA: thank you
(45:37 / All) x[G]Beginnder: nah
(45:40 / All) HockeyMomPalin: u loose
(45:41 / All) x[G]Beginnder: lets be here 2 hours
(45:42 / All) x[G]Beginnder: :P
(45:43 / All) x[G]Beginnder: fun
(45:50 / All) null1fy: hey
(45:53 / All) HockeyMomPalin: u have no chance
(45:54 / All) null1fy: where did our units go
(46:02 / All) x[G]Beginnder: ?
(46:11 / All) NlGGERBAMA: where did yellow's heroes go?
(46:13 / All) HockeyMomPalin: its not like we have a 200 food armyh right now
(46:19 / All) x[G]Beginnder: so
(46:22 / All) x[G]Beginnder: we just want to be here
(46:26 / All) HockeyMomPalin: :)
(46:30 / All) x[G]Beginnder: best game ever :P
(46:30 / All) x[G]Beginnder: :D
(47:17 / All) NlGGERBAMA: we kill towers 4 u
(47:25 / All) x[G]Beginnder: good idea
(47:29 / All) HockeyMomPalin: i think so
(47:40 / All) x[G]Beginnder: brb i need to sleep 1 hour :P
(47:44 / All) HockeyMomPalin: kk
(49:04 / All) HockeyMomPalin: LoL
(49:30 / All) HockeyMomPalin: thats alot of gold
(50:53 / All) HockeyMomPalin: i tell u
(50:57 / All) HockeyMomPalin: we kill tower
(51:37 / All) HockeyMomPalin: plz go away teal
(52:33 / All) HockeyMomPalin: LoL
(53:05 / All) HockeyMomPalin: brb pizza
(53:07 / All) HockeyMomPalin: 1 sec
(53:10 / All) NlGGERBAMA: manner please
(53:16 / All) NlGGERBAMA: we need to pay pizza man
(53:20 / All) x[G]Beginnder: go eat
(53:25 / All) NlGGERBAMA: ok
(53:32 / All) NlGGERBAMA: QUIT IT NIGGER
(53:35 / All) x[G]Beginnder: =
(53:40 / All) x[G]Beginnder: =D
(53:44 / All) Zinner: nvm 
(53:53 / All) Zinner: go
(54:16 / All) NlGGERBAMA: hello and welcome to highperch
(54:23 / All) NlGGERBAMA: for more towering replays visit http://www.highper.ch
(56:10 / All) HockeyMomPalin: Reds stealing ur gold
(56:36 / All) HockeyMomPalin: nice lag hack
(56:40 / All) NlGGERBAMA: nice hacks faggots
(56:41 / All) Zinner: TY TY
(56:46 / All) x[G]Beginnder: no
(57:08 / All) HockeyMomPalin: dun worry ill get him back somehow..
(58:13 / All) NlGGERBAMA: have you guys still not scouted the mountains or what
(58:14 / All) NlGGERBAMA: jesus
(58:22 / All) x[G]Beginnder: what mountain?
(58:26 / All) HockeyMomPalin: the right one
(58:28 / All) x[G]Beginnder: what are you talking about?
(58:45 / All) HockeyMomPalin: i think ur name should be xD begginer
(58:49 / All) HockeyMomPalin: because ur so funny xD
(58:57 / All) NlGGERBAMA: fuck we lose
(58:57 / All) NlGGERBAMA: gg
(59:23 / All) Zinner: thaks got I on vacation
(59:25 / All) x[G]Beginnder: really
(59:30 / All) x[G]Beginnder: this is the best game ever
(59:32 / All) HockeyMomPalin:  ? ?? 
(59:39 / All) HockeyMomPalin: the game..has just begun
(59:51 / All) x[G]Beginnder: yeah that's what i mean!
(59:55 / All) HockeyMomPalin: :)
(60:00 / All) x[G]Beginnder: =D
(60:10 / All) NlGGERBAMA: wtf where my building go??
(60:13 / All) HockeyMomPalin: :-----)
(60:52 / All) NlGGERBAMA: for more towering replays visit www.highper.ch thanks
(61:10 / All) Zinner: I will
(61:15 / All) Zinner: hyper what?
(62:19 / All) NlGGERBAMA: dust is a good use of gold when there's none left
(63:18 / All) HockeyMomPalin: soz
(63:30 / Allies) NlGGERBAMA: laffo
(63:38 / Allies) NlGGERBAMA: I love 10 minutes of chat all at once
(63:43 / Allies) HockeyMomPalin: :(
(63:48 / Allies) HockeyMomPalin: i really did lag when m y warden died
(63:52 / Allies) NlGGERBAMA: yeah I know
(64:00 / Allies) NlGGERBAMA: the drop screen came up
(65:24 / Allies) null1fy: oh shit
(65:25 / Allies) null1fy: we haven't won yet
(67:18 / All) HockeyMomPalin: have u reached a verdict
(67:55 / All) HockeyMomPalin: hahah
(67:56 / All) HockeyMomPalin: lvl 1 naga
(68:01 / Allies) HockeyMomPalin: what makes u think this is a good idea
(68:05 / All) HockeyMomPalin: what makes u think thats a good diea
(69:53 / All) HockeyMomPalin: AIEEE
(71:13 / All) NlGGERBAMA: thanks for the free win :)
(71:17 / All) HockeyMomPalin:  :)
(71:31 / All) NlGGERBAMA: VOTE FOR MCCAIN
(71:32 / All) Zinner: ya free win xD
(71:55 / All) NlGGERBAMA: 2ez
(71:56 / All) NlGGERBAMA: sorry
(73:26 / All) HockeyMomPalin: WUT
(73:30 / All) HockeyMomPalin: HOW WE NOT WIN
(74:40 / All) NlGGERBAMA: noobs can't even hide effectively